AoeStats
← Groove8733

Arena

510297736Analyzed
1v1 RM · 23h ago on Sep 30, 2026· 23m 46s· 2 players
Game mode
Random Map
Map size
Tiny (2 player)
Population
200
Speed
Normal
Resources
Standard
Victory
Conquest
Starting age
Dark Age
Ending age
Imperial Age
RankedLock teamsTeams togetherTeam positionsShared explorationLock speedFull tech treeHidden civsTurbo modeCheats
Victory
Defeat
🇵🇰 Bulgarians · Pakistan
555
+15
🇦🇺 Bohemians · Australia
526
-24
Groove8733
8:11 Loom
10:14 Feudal Age
12:54 Wheelbarrow
12:08 Double-Bit Axe
21:02 Castle Age
mrbeast2mrbeast2
6:08 Loom
11:19 Feudal Age
13:48 Wheelbarrow
15:46 Horse Collar
24:15 Castle Age
22:18 Gold Mining
22:19 Stone Mining
Connection lost

Rejoining the realm…

Still unreachable

The connection could not be restored.

Session expired

The server has moved on; the page needs a fresh start.